 Dungeon Crawl Stone Soup version 0.24-a0-506-g958ff8eaa0 (webtiles) character file.

Game seed: 5342961801617939522

204 Gargoyl the Skirmisher (level 5, -5/46 HPs)
             Began as a Centaur Abyssal Knight on July 18, 2019.
             Was a Believer of Lugonu.
             Slain by Menkaure (17 damage)
             ... on level 4 of the Dungeon.
             The game lasted 00:03:26 (3222 turns).

Gargoyl the Skirmisher (Centaur Abyssal Knight)     Turns: 3222, Time: 00:03:27

Health: -5/46      AC: 13    Str: 14    XL:     5   Next: 52%
Magic:  7/7        EV:  2    Int: 11    God:    Lugonu [**....]
Gold:   150        SH:  0    Dex: 10    Spells: 4/4 levels left

rFire    . . .     SeeInvis .   a - +2 hand axe
rCold    . . .     Gourm    .   (no shield)
rNeg     + . .     Faith    .   e - +0 plate armour
rPois    .         Spirit   .   p - +2 helmet
rElec    .         Reflect  .   k - +0 cloak
rCorr    .         Harm     .   (no gloves)
MR       .....                  (no barding)
Stlth    ..........             (no amulet)
HPRegen  0.15/turn              b - ring of positive energy
MPRegen  0.10/turn              (no ring)

@: very quick
A: large, hooves 3, deformed body, speed 2, tough skin 3
a: Depart the Abyss, Bend Space, Renounce Religion


You were on level 4 of the Dungeon.
You worshipped Lugonu.
Lugonu was pleased with you.
You were hungry.

You visited 1 branch of the dungeon, and saw 4 of its levels.
You visited the Abyss 1 time.

You collected 150 gold pieces.

Inventory:

Hand Weapons
 a - a +2 hand axe (weapon)
 u - a +0 war axe
Armour
 e - a +0 plate armour (worn)
 k - a +0 cloak (worn)
 p - a +2 helmet (worn)
Jewellery
 b - a ring of positive energy (left hand)
 s - a cursed -3 ring of evasion {unknown}
 v - an uncursed ring of protection from cold {unknown}
Wands
 r - a wand of scattershot (7)
Scrolls
 f - a scroll of teleportation
 g - 6 scrolls of identify
 n - 2 scrolls of fog {unknown}
 t - a scroll of blinking {unknown}
 w - a scroll of remove curse {unknown}
Potions
 d - a potion of cancellation {unknown}
 h - a potion of resistance {unknown}
 i - 5 potions of curing
 j - a potion of brilliance {unknown}
 l - a potion of haste {unknown}
 m - 2 potions of lignification {unknown}
 o - a potion of flight {unknown}
 q - a potion of experience {unknown}
Comestibles
 c - 6 rations


   Skills:
 + Level 3.7 Fighting
 + Level 3.0 Axes
 * Level 2.6 Armour
 * Level 1.6 Dodging
 * Level 2.8 Invocations


You had 4 spell levels left.
You didn't know any spells.
Your spell library contained the following spells:

 Spells                   Type           Power        Failure   Level  Hunger
 Animate Skeleton         Necr           N/A          100%        1    ##.....
 Apportation              Tloc           #.....       100%        1    ##.....
 Confusing Touch          Hex            #.....       100%        1    ##.....
 Summon Small Mammal      Summ           #...         100%        1    ##.....


Dungeon Overview and Level Annotations

Branches:
Dungeon (4/15)
 Temple: D:4-7

Altars:
Gozag

Annotations:
D:4 Menkaure


Innate Abilities, Weirdness & Mutations

You have hooves in place of feet.
Armour fits poorly on your strangely shaped body.
You cover ground very quickly.
You have extremely tough skin. (AC +3)


Message History

You hit Menkaure. You kick Menkaure.
Menkaure is moderately damaged.
You hit the plant but do no damage. Menkaure hits you but does no damage.
Menkaure hits you!
You hit Menkaure.
Menkaure is heavily damaged.
You hit the plant but do no damage. Menkaure casts a spell at you.
Pain shoots through your body!
Your plate armour prevents you from hitting Menkaure.
Menkaure is heavily damaged.
You hit the plant. Menkaure hits you!!
Your plate armour prevents you from hitting Menkaure.
Menkaure is heavily damaged.
You hit the plant.
Menkaure gestures at you while chanting.
Pain shoots through your body!
* * * LOW HITPOINT WARNING * * *
Menkaure hits you!
You die...

#.# #.# #####
#.# ##... #.#
#..# #.####..#
#.......#
#.......####
#...$#..P..#+##
#....##@M......
#....##........
#........####..
......#...#
####...##..#
+...##..# #...
####


You could see Menkaure.

Vanquished Creatures
  7 gnolls (D:3)
  4 adders
  2 oozes
  5 worms
  A dart slug (D:2)
  2 leopard geckos (D:2)
  3 orcs (D:3)
  6 giant cockroaches
  7 goblins
  6 hobgoblins
  6 jackals
  11 kobolds
  4 bats
  2 frilled lizards (D:2)
  8 rats
74 creatures vanquished.

Notes
Turn   | Place    | Note
-------+----------+-------------------------------------------
     0 | Abyss:1  | Gargoyl the Centaur Abyssal Knight began the quest for the
                  | Orb.
     0 | Abyss:1  | Reached XP level 1. HP: 19/19 MP: 2/2
    40 | Abyss:2  | Noticed a wretched star
    54 | D:1      | Escaped the Abyss
   353 | D:1      | Reached * piety under Lugonu
   492 | D:1      | Reached XP level 2. HP: 26/26 MP: 3/3
  1036 | D:2      | Reached skill level 1 in Dodging
  1036 | D:2      | Reached XP level 3. HP: 27/31 MP: 4/4
  1746 | D:2      | Reached ** piety under Lugonu
  1791 | D:2      | Reached XP level 4. HP: 33/38 MP: 5/5
  1999 | D:3      | Found an opulent altar of Gozag.
  2250 | D:3      | Reached XP level 5. HP: 19/46 MP: 6/6
  3212 | D:4      | Noticed Menkaure
  3222 | D:4      | Slain by Menkaure

Levels and vault maps discovered:
D:1:      matt_arrival_spirals, layout_basic, serial_park_tiny_2,
          minmay_misc_feat_more_columns, kennysheep_boxes
D:2:      layout_basic, first_ration
D:3:      layout_basic, nicolae_overflow_crystal_walls
D:4:      corexii_shack_village, layout_basic,
          eino_small_chamber_without_monster, mrwooster_statue_mirror,
          uniq_menkaure

Skill      XL: |  1  2  3  4  5 |
---------------+----------------+-----
Axes           | 2 3 |  3.0
Dodging        | 1 |  1.6
Armour         | 2 |  2.6
Fighting       | |  3.7
Invocations    | |  2.8

Action                   |  1- 3 |  4- 6 || total
-------------------------+-------+-------++-------
Melee: Hand axe          |   113 |   102 ||   215
       Kick              |    28 |    22 ||    50
Invok: Depart the Abyss  |     1 |       ||     1
  Use: Potion            |     1 |       ||     1
       Scroll            |     3 |     2 ||     5
  Eat: Chunk             |     1 |     4 ||     5
Armor: Plate armour      |   106 |   131 ||   237
Dodge: Dodged            |     8 |    22 ||    30

Table legend:
 A = Non-vault XP
 B = Vault XP
 C = Vault XP percentage of total XP
 D = Non-vault monster count
 E = Vault monster count
 F = Vault count percentage of total count
                 A         B        C        D         E       F
            +---------+---------+-------+---------+---------+-------
      Total |     292 |       0 |   0.0 |      74 |       0 |   0.0
            +---------+---------+-------+---------+---------+-------
        D:1 |      13 |       0 |   0.0 |       8 |       0 |   0.0
        D:2 |      96 |       0 |   0.0 |      31 |       0 |   0.0
        D:3 |     179 |       0 |   0.0 |      33 |       0 |   0.0
        D:4 |       4 |       0 |   0.0 |       2 |       0 |   0.0
            +---------+---------+-------+---------+---------+-------
